cohdb
Replays
Latest Replays
All Replays
Popular Replays
Top Player Replays
Match Explorer
How It Works
Community
CoH3 Stats
Reddit
Sign in to upload your games and track your stats! →
Sign in with Steam
Match 34503104
Unlisted
Match 34503104
Overview
Messages
Build Orders
End
Kettenkrad Recon Vehicle
Construct Infanterie Kompanie
Grenadier Squad
Grenadier Squad
Selects Breakthrough Battlegroup
Selects Assault Grenadiers
Grenadier Squad
Construct Luftwaffe Kompanie
Selects Rapid Production
Flak 30 Anti-aircraft Gun Team
221 Scout Car
MG 42 Machine Gun Team
Medical Station
Selects Breakthrough
Selects Mechanized Assault Group
Mechanized Assault Group
Pioneer Squad
Breakthrough
Construct Panzer Kompanie
Panzer IV Medium Tank
Selects Blitzkrieg
Construct Panzergrenadier Kompanie
HulkSMASH
DanielD
0
0
Comments
sign in to comment!
No comments posted yet!